 Dungeon Crawl Stone Soup version 0.31.0-12-g77e489cdc1 (webtiles) character file.

Game seed: 10395910266425539480

1264 MisterFreud the Nimble (level 8, -8/37 HPs)
             Began as a Felid Shapeshifter on Feb 13, 2024.
             Was an Initiate of Yredelemnul.
             Mangled by a two-headed ogre
             ... wielding a +0 giant club
              (18 damage)
             ... on level 6 of the Dungeon.
             The game lasted 00:05:30 (4676 turns).

MisterFreud the Nimble (Felid Shapeshifter)         Turns: 4676, Time: 00:05:30

Health: -8/37      AC:  2    Str: 10    XL:     8   Next: 27%
Magic:  9/9        EV: 24    Int: 14    God:    Yredelemnul [......]
Gold:   309        SH:  0    Dex: 18    Spells: 7/7 levels left
                                        Lives:  0   Deaths: 3

rFire   . .          .
                       - Unarmed
rCold   . . .        (shield unavailable)
rNeg    . . .        (body armour unavailable)
rPois   .            (helmet unavailable)
rElec   .            (cloak unavailable)
rCorr   .            (gloves unavailable)
SInv    +            (boots unavailable)
Will    +....        (no amulet)
Stlth   +++          (no ring)
HPRegen 0.26/turn    (no ring)
MPRegen 0.11/turn

%: no passive effects
@: beast-form, studying Summonings
A: beast (slay +1), very small, claws 1, fangs 3, see invisible, shaggy fur 2,
stealthy paws, no weapons or thrown items, no armour, multi-lived
a: Begin Untransformation, Renounce Religion, Recall Undead Harvest


You were on level 6 of the Dungeon.
You worshipped Yredelemnul.
Yredelemnul was noncommittal.
You were a hulking beast.
You visited 1 branch of the dungeon, and saw 6 of its levels.

You collected 309 gold pieces.

Inventory:

Jewellery
 a - a ring of willpower
Talismans
 b - a beast talisman
 c - a flux talisman
 m - a granite talisman
Wands
 j - a wand of paralysis (8)
Scrolls
 d - 2 scrolls of enchant weapon
 k - 6 scrolls of teleportation
 p - a scroll of poison {unknown}
Potions
 e - a potion of lignification
 f - a potion of curing
 g - 3 potions of enlightenment
 h - a potion of haste
 i - 3 potions of heal wounds
 l - 2 potions of resistance
 n - a potion of berserk rage {unknown}
 o - a potion of brilliance {unknown}


   Skills:
 - Level 1.3 Fighting
 + Level 9.8 Dodging
 - Level 6.0 Stealth
 - Level 6.0 Unarmed Combat
 - Level 2.8 Shapeshifting


You had 7 spell levels left.
You didn't know any spells.
Your spell library contained the following spells:

 Spells                   Type           Power      Damage    Failure   Level
 Ensorcelled Hibernation  Hex/Ice        0%         N/A       41%         2
 Mercury Vapours          Alch/Air       0%         N/A       41%         2
 Gell's Gravitas          Tloc           0%         N/A       65%         3
 Mephitic Cloud           Conj/Alch/Air  0%         N/A       65%         3
 Passwall                 Erth           0%         N/A       65%         3
 Swiftness                Air            0%         N/A       65%         3
 Teleport Other           Tloc           0%         N/A       65%         3
 Freezing Cloud           Conj/Ice/Air   0%         6-21      100%        5
 Dispersal                Tloc           0%         N/A       100%        6


Dungeon Overview and Level Annotations

Branches:
Dungeon (6/15)             Temple (0/1) D:5

Altars:
Gozag
Yredelemnul


Innate Abilities, Weirdness & Mutations

You are a hulking beast.
Your limbs bulge with bestial killing power. (Slay +1)
You have sharp claws.
You have razor-sharp teeth.
You have supernaturally acute eyesight. (SInv)
You are covered in thick fur. (AC +2)
Your paws help you pounce on unaware monsters.
You are incapable of wielding weapons or throwing items.
You cannot wear armour.
You gain extra lives every three experience levels.


Message History

Found 9 gold pieces.
The two-headed ogre shouts in stereo!
You scratch the two-headed ogre. Your claw misses the two-headed ogre.
The two-headed ogre is lightly wounded.
You barely miss the two-headed ogre. You claw the two-headed ogre.
The two-headed ogre is lightly wounded.
The two-headed ogre barely misses you.
The two-headed ogre hits you with a +0 giant club!!
Ouch! That really hurt!
You are too injured to fight recklessly!
You are too injured to fight recklessly!
You barely miss the two-headed ogre.
The two-headed ogre is lightly wounded.
The two-headed ogre misses you.
The two-headed ogre completely misses you.
You scratch the two-headed ogre. You bite the two-headed ogre.
The two-headed ogre is moderately wounded.
You completely miss the two-headed ogre.
The two-headed ogre is moderately wounded.
The two-headed ogre misses you.
The two-headed ogre hits you with a +0 giant club!
* * * LOW HITPOINT WARNING * * *
You barely miss the two-headed ogre. You bite the two-headed ogre.
The two-headed ogre is moderately wounded.
You scratch the two-headed ogre.
The two-headed ogre is moderately wounded.
The two-headed ogre completely misses you.
The two-headed ogre barely misses you.
You claw the two-headed ogre!
The two-headed ogre is heavily wounded.
The two-headed ogre completely misses you.
The two-headed ogre closely misses you.
You scratch the two-headed ogre.
The two-headed ogre is heavily wounded.
You claw the two-headed ogre! Your bite misses the two-headed ogre.
The two-headed ogre is severely wounded.
The two-headed ogre completely misses you.
The two-headed ogre hits you with a +0 giant club!!
You die...
Your body rises from the dead as a mindless zombie.

#### ##!..#######
#...Oh.....######## ##
#...>..###........###.
#......# #.........(..
##...#.###............
##.##............#...
#. ###..#.......#.##
#$ #..#.......#.# ..
....#.......#.#
##...####.####.#


You could see a two-headed ogre.

Vanquished Creatures
  Sigmund (D:2)
  An ice beast (D:5)
  A black bear (D:4)
  3 scorpions
  A hound (D:5)
  2 orc priests (D:4)
  4 bombardier beetles
  2 jellies
  A gnoll bouda (D:5)
  Jessica (D:2)
  4 iguanas
  Ijyb (D:4)
  3 orc wizards
  A sleepcap (D:5)
  5 gnolls (D:5)
  5 adders
  A shadow imp (D:5)
  4 dart slugs
  A ribbon worm (D:4)
  13 orcs
  4 ball pythons
  9 endoplasms
  2 giant cockroaches
  8 goblins
  5 hobgoblins
  6 quokkas
  3 bats (D:1)
  4 frilled lizards
  8 kobolds
  7 rats
111 creatures vanquished.

Notes
Turn   | Place    | Note
-------+----------+-------------------------------------------
     0 | D:1      | MisterFreud the Felid Shapeshifter began the quest for the
                  | Orb.
     0 | D:1      | Reached XP level 1. HP: 10/10 MP: 2/2
     1 | D:1      | Noticed an electric eel
   184 | D:1      | Reached skill level 3 in Dodging
   184 | D:1      | Reached XP level 2. HP: 14/14 MP: 3/3
   499 | D:1      | Reached skill level 1 in Stealth
  1069 | D:2      | HP: 1/21 [poisoned by an adder]
  1070 | D:2      | Reached XP level 3. HP: 2/18 MP: 4/4
  1071 | D:2      | Succumbed to an adder's poison
  1071 | D:2      | Lost a life (0 lives remaining)
  1223 | D:2      | Noticed Jessica
  1229 | D:2      | Killed Jessica
  1230 | D:2      | Reached XP level 4. HP: 22/22 MP: 5/5
  1230 | D:2      | Gained a life (1 life remaining)
  1307 | D:2      | Noticed Sigmund
  1321 | D:2      | Killed Sigmund
  1322 | D:2      | Reached skill level 5 in Stealth
  1322 | D:2      | Reached skill level 5 in Unarmed Combat
  1322 | D:2      | Reached XP level 5. HP: 6/25 MP: 6/6
  1965 | D:3      | Gained mutation: You are covered in thick fur. (AC +2)
                  | [Felid growth]
  1965 | D:3      | Reached XP level 6. HP: 6/30 MP: 7/7
  2831 | D:4      | Slain by an orc priest
  2831 | D:4      | Lost a life (0 lives remaining)
  2908 | D:4      | Noticed Ijyb
  2913 | D:4      | Paralysed by Ijyb for 3 turns
  2919 | D:4      | Paralysed by Ijyb for 3 turns
  2930 | D:4      | Killed Ijyb
  3111 | D:4      | Reached skill level 4 in Dodging
  3111 | D:4      | Reached XP level 7. HP: 33/33 MP: 8/8
  3111 | D:4      | Gained a life (1 life remaining)
  3126 | D:4      | Reached skill level 5 in Dodging
  3328 | D:4      | Reached skill level 6 in Dodging
  3518 | D:4      | Reached skill level 7 in Dodging
  3847 | D:5      | Entered Level 5 of the Dungeon
  3914 | D:5      | Slain by a gnoll
  3914 | D:5      | Lost a life (0 lives remaining)
  4070 | D:5      | Reached skill level 8 in Dodging
  4179 | D:5      | Reached XP level 8. HP: 23/37 MP: 9/9
  4181 | D:5      | Reached skill level 9 in Dodging
  4376 | D:5      | Found a staircase to the Ecumenical Temple.
  4576 | D:5      | Found a basalt altar of Yredelemnul.
  4578 | D:5      | Found an opulent altar of Gozag.
  4587 | D:5      | Became a worshipper of Yredelemnul the Dark
  4661 | D:6      | Noticed a two-headed ogre
  4676 | D:6      | Mangled by a two-headed ogre

Illustrated notes

Levels and vault maps discovered:
D:1:      arrival_aquarium_a, layout_loops_corners, serial_forest,
          infiniplex_forest_clump_large, infiniplex_forest_clump_medium,
          infiniplex_forest_lined_1, infiniplex_forest_clump_double,
          infiniplex_forest_3_way, infiniplex_forest_lined_4_way,
          infiniplex_forest_clump_tiny, infiniplex_forest_join,
          infiniplex_forest_clump_curved, columned_hall_lemuel
D:2:      layout_loops_cross, serial_bayou, serial_bayou_ford_a,
          serial_bayou_pond_e, serial_bayou_lake_a, serial_bayou_shore_b,
          minmay_tromino_i4, uniq_jessica, uniq_sigmund
D:3:      layout_loops_ring
D:4:      layout_gridville, uniq_ijyb
D:5:      layout_basic, minitemple, minmay_temple_entry_offerings
D:6:      layout_loops_ring, gammafunk_ghost_grave

Skill      XL: |  1  2  3  4  5  6  7  8 |
---------------+-------------------------+-----
Dodging        | 3 4 8 9 |  9.8
Stealth        | 2 3 5 6 |  6.0
Unarmed Combat | 4 5 6 |  6.0
Fighting       | |  1.3
Shapeshifting  | |  2.8

Action                     |  1- 3 |  4- 6 |  7- 9 || total
---------------------------+-------+-------+-------++-------
  Melee: Unarmed           |    63 |   117 |   129 ||   309
         Bite              |     3 |    16 |    24 ||    43
         Punch             |       |       |     8 ||     8
    Use: Scroll            |     2 |     9 |     1 ||    12
         Potion            |     2 |     2 |       ||     4
   Stab: Sleeping          |     4 |    10 |     6 ||    20
         Distracted        |       |       |     1 ||     1
 Armour: Skin              |    28 |    38 |    35 ||   101
  Dodge: Dodged            |    48 |    53 |    85 ||   186
